 Dungeon Crawl Stone Soup version 0.20-a0-16-g0876c8e (webtiles) character file.

67 KristoblXynda the Conjurer (level 4, -8/33 HPs)
             Began as a Minotaur Wizard on Nov 3, 2016.
             Killed by divine providence
             ... invoked by an orc priest
              (14 damage)
             ... on level 3 of the Dungeon.
             The game lasted 00:06:17 (2140 turns).

KristoblXynda the Conjurer (Minotaur Wizard)        Turns: 2140, Time: 00:06:18

Health: -8/33      AC:  3    Str: 11    XL:     4   Next: 0%
Magic:  6/6        EV: 12    Int: 16    God:
Gold:   109        SH:  0    Dex:  9    Spells: 2 memorised, 4 levels left

rFire  . . .     SeeInvis .     k - +0 dagger (venom)
rCold  . . .     Gourm    .     a - +0 robe
rNeg   . . .     Faith    .     (no shield)
rPois  .         Spirit   .     b - +0 hat
rElec  .         Reflect  .     (no cloak)
rCorr  .         Harm     .     e - +0 pair of gloves
MR     .....                    (no boots)
Stlth  ++........               (no amulet)
                                (no ring)
                                (no ring)

@: no status effects
A: retaliatory headbutt, horns 2
a: no special abilities


You were on level 3 of the Dungeon.
You were not hungry.

You visited 1 branch of the dungeon, and saw 3 of its levels.

You collected 109 gold pieces.

Inventory:

Hand Weapons
 k - a +0 dagger of venom (weapon)
Armour
 a - a +0 robe (worn)
 b - a +0 hat (worn)
 e - a +0 pair of gloves (worn)
 l - a +0 ring mail
Scrolls
 g - a scroll of magic mapping {unknown}
 h - 2 scrolls of remove curse {unknown}
 j - 2 scrolls of random uselessness {unknown}
 m - a scroll of recharging {unknown}
 n - a scroll of fog {unknown}
 o - 3 scrolls of identify {unknown}
Potions
 i - a potion of cure mutation {unknown}
 p - a potion of heal wounds {unknown}
Books
 c - a book of Minor Magic

   Spells                             Type                      Level
   a - Magic Dart                     Conjuration                  1
   b - Blink                          Translocation                2
   c - Call Imp                       Summoning                    2
   d - Repel Missiles                 Charms/Air                   2
   e - Slow                           Hexes                        2
   f - Conjure Flame                  Conjuration/Fire             3
   g - Mephitic Cloud                 Conjuration/Poison/Air       3
Comestibles
 d - 2 bread rations


   Skills:
 + Level 0.8 Armour
 - Level 2.1 Dodging
 - Level 1.5 Stealth
 - Level 2.3 Spellcasting
 + Level 2.5 Conjurations
   Level 0.6 Summonings
 - Level 0.6 Translocations


You had 4 spell levels left.
You knew the following spells:

 Your Spells              Type           Power        Failure   Level  Hunger
a - Magic Dart            Conj           ##..         10%         1    #......
b - Blink                 Tloc           N/A          24%         2    ###....


Dungeon Overview and Level Annotations

Branches:
Dungeon (3/15)

Altars:
Dithmenos
Elyvilon
Fedhas
Nemelex Xobeh
Qazlal
Xom


Innate Abilities, Weirdness & Mutations

You reflexively headbutt those who attack you in melee.
You have a pair of horns on your head.


Message History

The ooze is lightly wounded.
The ooze closely misses you.
You hit the ooze.
The ooze is moderately wounded.
The ooze hits you.
You hit the ooze.
The ooze is poisoned.
The ooze is severely wounded.
The orc priest calls down the wrath of Beogh upon you.
Beogh smites you!
Ouch! That really hurt!
* * * LOW HITPOINT WARNING * * *
The ooze closely misses you.
You closely miss the orc priest. You headbutt the orc priest.
The orc priest is lightly wounded.
You kill the ooze!
You have reached level 4!
You feel agile.
The orc priest calls down the wrath of Beogh upon you.
Beogh smites you!
You die...

.........####...####
....... #.......#
<.... #.#.###.#
##... #.#.# .# ..#'#
#.#.###.# #.#.#
#.#...#.# #.#o###
#.###.#.# ##.#...#
#.# #.#.# ###.o@.#.#
#.###.#)#
...........#
#.......#
#######...##
#####.###
##..##########.#
##............#
##############


You could see an orc priest and an orc.

Vanquished Creatures
  2 adders (D:2)
  An ooze (D:3)
  A worm (D:3)
  A dart slug (D:1)
  A leopard gecko (D:2)
  3 giant cockroaches
  4 goblins
  5 hobgoblins
  4 kobolds
  2 quokkas
  9 bats
  3 frilled lizards
  4 rats
40 creatures vanquished.

Notes
Turn   | Place    | Note
-------+----------+-------------------------------------------
     0 | D:1      | KristoblXynda the Minotaur Wizard began the quest for the Orb.
     0 | D:1      | Reached XP level 1. HP: 14/14 MP: 2/2
   125 | D:1      | Found a sparkling altar of Nemelex Xobeh.
   142 | D:1      | Reached skill level 1 in Conjurations
   228 | D:1      | Reached XP level 2. HP: 15/20 MP: 0/4
  1237 | D:2      | Reached XP level 3. HP: 26/26 MP: 1/5
  1399 | D:2      | Found a shadowy altar of Dithmenos.
  1400 | D:2      | Found a stormy altar of Qazlal.
  1400 | D:2      | Found a shimmering altar of Xom.
  1400 | D:2      | Found a blossoming altar of Fedhas.
  1514 | D:2      | Found a white marble altar of Elyvilon.
  1921 | D:3      | Learned a level 2 spell: Blink
  2140 | D:3      | Reached XP level 4. HP: 6/33 MP: 6/6
  2140 | D:3      | Killed from afar by an orc priest

Vault maps used:
D:1:      minmay_arrival_loop, nemelex_xobeh_ov_fountains_minmay
D:2:      chequers_temple_overflow_statue_of_worship, elyvilon_altar_3
D:3:      minmay_wonky_spiral

Skill      XL: |  1  2  3 |
---------------+----------+-----
Conjurations   | 1 2 |  2.5
Armour         | |  0.8
Dodging        | |  2.1
Stealth        | |  1.5
Spellcasting   | |  2.3
Summonings     | |  0.6
Translocations | |  0.6

Action                   |  1- 3 |  4- 6 || total
-------------------------+-------+-------++-------
Melee: Unarmed           |    25 |       ||    25
       Headbutt          |    12 |       ||    12
       Dagger            |    83 |       ||    83
       Short sword       |     9 |       ||     9
 Cast: Magic Dart        |    16 |       ||    16
  Use: Potion            |     1 |       ||     1
 Stab: Sleeping          |     1 |       ||     1
  Eat: Chunk             |     4 |       ||     4
Armor: Robe              |    40 |       ||    40
Dodge: Dodged            |    87 |       ||    87
